 Dungeon Crawl Stone Soup version 0.30-a0-459-g9104f0fc43 (webtiles) character file.

Game seed: 3767154860627776942

115 funkygono the Firebug (level 4, 0/31 HPs)
             Began as a Demonspawn Fire Elementalist on Dec 15, 2022.
             Slain by an orc wizard
             ... wielding a +0 dagger
              (2 damage)
             ... on level 3 of the Dungeon.
             The game lasted 00:03:42 (2253 turns).

funkygono the Firebug (DsFE)                        Turns: 2253, Time: 00:03:43

Health: 0/31       AC:  4    Str:  8    XL:     4   Next: 68%
Magic:  6/8        EV: 12    Int: 18    God:
Gold:   113        SH:  0    Dex: 14    Spells: 2/8 levels left

rFire   . . .      SeeInvis .    c - +2 whip
rCold   . . .      Faith    .    (no shield)
rNeg    . . .      Spirit   .    a - +0 robe
rPois   .          Reflect  .    (helmet restricted)
rElec   .          Harm     .    (no cloak)
rCorr   +          Rampage  .    (no gloves)
Will    .....                    s - +1 pair of boots
Stlth   ++........               n - amulet of the acrobat
HPRegen 0.25/turn                f - ring of resist corrosion
MPRegen 0.11/turn                (no ring)

@: no status effects
A: antennae 1, ignite blood 1, demonic touch 1
a: no special abilities


You were on level 3 of the Dungeon.
You visited 1 branch of the dungeon, and saw 3 of its levels.

You collected 113 gold pieces.

Inventory:

Hand Weapons
 c - a +2 whip (weapon)
Armour
 a - a +0 robe (worn)
 d - an orb of energy
 l - a +0 leather armour
 s - a +1 pair of boots (worn)
Jewellery
 f - a ring of resist corrosion (left hand)
 n - an amulet of the acrobat (around neck)
Scrolls
 g - a scroll of amnesia
 r - a scroll of poison
Potions
 e - 2 potions of lignification
 i - a potion of curing {unknown}
 k - a potion of attraction {unknown}
 o - a potion of brilliance {unknown}


   Skills:
 + Level 0.4 Fighting
 + Level 0.7 Maces & Flails
 + Level 2.2 Dodging
 - Level 1.7 Stealth
 + Level 2.9 Spellcasting
 + Level 1.8 Conjurations
 + Level 3.6 Fire Magic


You had 2 spell levels left.
You knew the following spells:

 Your Spells              Type           Power      Damage    Failure   Level
a - Foxfire               Conj/Fire      48%        2x1d6     5%          1
b - Scorch                Fire           30%        2d6       5%          2
c - Kindle Blastsparks    Fire/Tloc/Air  14%        2d11      30%         3

Your spell library contained the following spells:

 Spells                   Type           Power      Damage    Failure   Level
 Beastly Appendage        Tmut           4%         N/A       17%         1
 Wereblood                Tmut           2%         N/A       26%         2
 Inner Flame              Hex/Fire       9%         N/A       24%         3
 Ignite Poison            Fire/Tmut/Pois 7%         N/A       30%         3
 Spider Form              Tmut/Pois      2%         N/A       45%         3
 Flame Wave               Conj/Fire      12%        2d6       47%         4
 Sticky Flame             Conj/Fire      12%        2d4       47%         4
 Ignition                 Fire           7%         3d5       100%        8


Dungeon Overview and Level Annotations

Branches:
Dungeon (3/15)

Altars:


Innate Abilities, Weirdness & Mutations

You have a pair of small antennae on your head.
Your demonic aura sometimes causes spilled blood to erupt in flames.
Your touch may inflict minor irresistible damage on your foes.


Message History

The orc closely misses you.
The orc wizard gestures at you while chanting.
The puff of flame hits you!
Casting: Scorch (safe; 5% risk of failure)
Confirm with . or Enter, or press ? or * to list all spells.
You conjure some foxfire!
The orc barely misses you. The orc wizard casts a spell at you.
You are confused.
The orc misses you.
You're too confused to cast spells.
Sorry, you're not good enough to have a special ability.
Unknown command.
You're too confused to cast spells.
You bump into the rock wall.
The foxfire hits the orc wizard but does no damage.
The orc wizard is heavily wounded.
The orc hits you with a +0 whip.
The orc wizard hits you with a +0 dagger.
The orc barely misses you.
Unknown command.
You bump into the rock wall.
The orc misses you. The orc closely misses you.
The orc wizard hits you but does no damage.
The orc wizard closely misses you.
You're too confused to move!
The orc misses you. The orc wizard misses you.
You bump into the rock wall.
The orc hits you with a +0 war axe.
The orc wizard points at you and mumbles some strange words.
The puff of flame hits you.
* * * LOW HITPOINT WARNING * * *
Unknown command.
Magic courses through your body.
You feel less confused. The orc barely misses you. The orc wizard misses you.
Casting: Foxfire (safe; 5% risk of failure)
Confirm with . or Enter, or press ? or * to list all spells.
Flames lash the orc.
You kill the orc!
The orc hits you with a +0 war axe.
* * * LOW HITPOINT WARNING * * *
The orc wizard hits you with a +0 dagger.
You die...

##### # ##...## .##
#.....#######...###
#.....[...@o)......
#
#.....#####o.......
# ##...## ##$......
#########.#######
#...###
.................
<....
#..(.......######
#.####
#.#.#.###..)... .#
#.#.#)# ...#### .#
#.#.#.# ..##


You could see an orc wizard and an orc.

Vanquished Creatures
  8 adders
  2 worms (D:2)
  2 orcs (D:3)
  4 endoplasms
  A giant cockroach (D:3)
  3 hobgoblins (D:2)
  2 jackals (D:2)
  3 kobolds
  4 ball pythons
  3 bats
  A frilled lizard (D:1)
  7 goblins
  3 rats (D:1)
43 creatures vanquished.

Vanquished Creatures (others)
  125 foxfires
125 creatures vanquished.

Grand Total: 168 creatures vanquished

Notes
Turn   | Place    | Note
-------+----------+-------------------------------------------
     0 | D:1      | funkygono the Demonspawn Fire Elementalist began the quest
                  | for the Orb.
     0 | D:1      | Reached XP level 1. HP: 13/13 MP: 3/3
   717 | D:1      | Discovered your monstrous ancestry.
   717 | D:1      | Gained mutation: You have a pair of small antennae on your
                  | head. [demonic ancestry]
   717 | D:1      | Reached XP level 2. HP: 19/19 MP: 3/5
   720 | D:1      | Learned a level 2 spell: Scorch
   867 | D:1      | Reached skill level 3 in Fire Magic
  1292 | D:2      | Gained mutation: Your demonic aura sometimes causes spilled
                  | blood to erupt in flames. [demonic ancestry]
  1292 | D:2      | Reached XP level 3. HP: 20/24 MP: 0/6
  1296 | D:2      | Learned a level 3 spell: Kindle Blastsparks
  1559 | D:2      | Gained mutation: Your touch may inflict minor irresistible
                  | damage on your foes. [demonic ancestry]
  1559 | D:2      | Reached XP level 4. HP: 17/30 MP: 1/7
  2253 | D:3      | Slain by an orc wizard

Illustrated notes

Levels and vault maps discovered:
D:1:      dpeg_arrival_three_smaller_balls, layout_loops_corners
D:2:      minmay_spotlight, layout_rooms, nrook_mini_backslash
D:3:      layout_loops_ring

Skill      XL: |  1  2 |
---------------+-------+-----
Dodging        | 2 |  2.2
Fire Magic     | 3 |  3.6
Fighting       | |  0.4
Maces & Flails | |  0.7
Stealth        | |  1.7
Spellcasting   | |  2.9
Conjurations   | |  1.8

Action                   |  1- 3 |  4- 6 || total
-------------------------+-------+-------++-------
Melee: Whip              |    32 |       ||    32
 Cast: Foxfire           |    45 |    29 ||    74
       Scorch            |     2 |     2 ||     4
  Use: Scroll            |       |    10 ||    10
       Potion            |       |     1 ||     1
Armor: Robe              |     6 |     1 ||     7
Dodge: Dodged            |    33 |    11 ||    44

Table legend: (Time is in decaauts)
 A = Elapsed time spent in this place.
 B = Non-inter-level travel time spent in this place.
 C = Inter-level travel time spent in this place.
 D = Time resting spent in this place.
 E = Time spent auto-exploring this place.
 F = Levels seen in this place.
 G = Mean time per level.
                   A        B        C        D        E       F      G
               +--------+--------+--------+--------+--------+-----+--------+
         Total |   2254 |   2208 |     46 |     26 |   1814 |   3 |  751.3 |
       Dungeon |   2254 |   2208 |     46 |     26 |   1814 |   3 |  751.3 |
               +--------+--------+--------+--------+--------+-----+--------+

Top non-repeatable levels by time:
     D:1: 1156 daAuts
     D:2: 991 daAuts
     D:3: 107 daAuts
